 Dungeon Crawl Stone Soup version 0.30-a0-170-g85af917532 (webtiles) character file.

Game seed: 8060543715073612804

1591 KennySheep the Magician (level 9, 0/63 HPs)
             Began as a Djinni Hedge Wizard on Oct 1, 2022.
             Was an Initiate of Cheibriados.
             Killed by divine providence
             ... invoked by an orc priest
              (10 damage)
             ... on level 6 of the Dungeon.
             The game lasted 00:24:22 (8704 turns).

KennySheep the Magician (Djinni Hedge Wizard)       Turns: 8704, Time: 00:24:22

Health: 0/63       AC:  3    Str: 14 (16) XL:     9   Next: 15%
Gold:   400        EV: 13    Int: 27 (28) God:    Cheibriados [......] SH:  0 Dex: 11 (13)

rFire   + + .      SeeInvis .    q - +1 dagger (distort)
rCold   x . .      Faith    .    (no shield)
rNeg    . . .      Spirit   .    b - +0 robe
rPois   ∞          Reflect  .    c - +1 hat
rElec   .          Harm     .    (no cloak)
rCorr   .          Rampage  .    (no gloves)
Will    .....                    (boots unavailable)
Stlth   ++........               (no amulet)
HPRegen 0.20/turn                l - +6 ring of intelligence
MPRegen 0.00/turn                i - +6 ring of strength

@: flying, very slow
A: sickness immunity, fire resistance 2, cold vulnerability 1, float, innate
caster, HP casting, extra vitality 1
a: Renounce Religion


You were on level 6 of the Dungeon.
You worshipped Cheibriados.
Cheibriados was noncommittal.
You visited 2 branches of the dungeon, and saw 8 of its levels.

You collected 400 gold pieces.

Inventory:

Hand Weapons
 a - a +0 dagger
 q - a +1 dagger of distortion (weapon)
 y - the +3 mace of Ciaf {distort, Str+5 Int+2 Dex+3}
   (You took it off Eustachio on level 4 of the Dungeon)

   It warps and distorts space around it, and may blink, banish, or inflict
   extra damage upon those it strikes.
   Unwielding it can cause banishment or high damage.
   Str:       It affects your strength (+5).
   Int:       It affects your intelligence (+2).
   Dex:       It affects your dexterity (+3).
Armour
 b - a +0 robe (worn)
 c - a +1 hat (worn)
Jewellery
 i - a +6 ring of strength (right hand)
 l - a +6 ring of intelligence (left hand)
 s - a ring of protection from cold
 B - an amulet of regeneration
Wands
 n - a wand of roots (16)
 r - a wand of flame (29)
 C - a wand of mindburst (10)
Scrolls
 d - 4 scrolls of fear
 g - a scroll of fog
 u - 2 scrolls of enchant armour
 v - a scroll of noise
 w - 2 scrolls of poison
 x - a scroll of blinking
 z - a scroll of amnesia {unknown}
 A - 2 scrolls of identify
 E - a scroll of teleportation {unknown}
 F - a scroll of torment {unknown}
Potions
 e - a potion of brilliance
 f - a potion of heal wounds {unknown}
 h - a potion of haste {unknown}
 j - a potion of magic {unknown}
 k - 3 potions of curing
 m - a potion of lignification
 o - a potion of attraction
 p - a potion of cancellation {unknown}
 t - 3 potions of degeneration
 D - a potion of mutation {unknown}


   Skills:
 + Level 4.3 Fighting
 + Level 2.8 Short Blades
 + Level 5.4 Dodging
 + Level 3.9 Stealth
 * Level 5.6 Spellcasting
 + Level 1.8 Invocations


You couldn't memorise any spells.
You knew the following spells:

 Your Spells              Type           Power      Damage    Failure   Level
a - Magic Dart            Conj           100%       1d8       1%          1
b - Searing Ray           Conj           74%        2d7       1%          2
c - Blink                 Tloc           74%        N/A       1%          2
d - Call Imp              Summ           37%        N/A       1%          2
e - Cigotuvi's Dreadful   Necr/Pois/Air  74%        N/A       1%          2
f - Mephitic Cloud        Conj/Pois/Air  37%        N/A       1%          3
g - Apportation           Tloc           74%        N/A       1%          1
h - Wereblood             Tmut           37%        N/A       1%          2
i - Slow                  Hex            100%       N/A       1%          1
j - Kindle Blastsparks    Fire/Tloc/Air  74%        2d16      1%          3
Your spell library was empty.

Dungeon Overview and Level Annotations

Branches:
Dungeon (7/15)             Temple (1/1) D:6

Altars:
Ashenzari
Cheibriados
Elyvilon
Fedhas
Gozag
Hepliaklqana
Makhleb
Nemelex Xobeh
Qazlal
Ru
Uskayaw
Yredelemnul
Zin
The Shining One

Shops:
D:2 [


Innate Abilities, Weirdness & Mutations

You are immune to sickness and miasma.
You are immune to poison.
Your flesh is very heat resistant. (rF++)
You are vulnerable to cold. (rC-)
You float through the air rather than walking.
You learn spells naturally, not from books.
Your magical power is your life essence.
You have superior vitality. (+4 MHP)


Message History

The orc priest looks encouraged for a moment.
The orc priest looks satisfied for a moment.
You finish channelling your searing ray.
The orc priest shoots a sling bullet.
The sling bullet closely misses you.
Casting: Searing Ray (safe; 1% risk of failure)
Confirm with . or Enter, or press ? or * to list all spells.
Aiming: Searing Ray (safe; 1% risk of failure)
Press: ? - help, Shift-Dir - straight line, f - orc priest
Aim: an orc priest, wielding a +0 sling and wearing a +2 leather armour of poison resistance (81% to hit)
The searing ray hits the orc priest!
The orc priest is severely wounded. (Press . to maintain the ray.)
The orc priest shoots a sling bullet.
The sling bullet closely misses you.
The searing ray hits the orc priest.
The orc priest is almost dead.
* * * LOW HITPOINT WARNING * * *
The orc priest shoots a sling bullet.
The sling bullet hits you.
* * * LOW HITPOINT WARNING * * *
The searing ray misses the orc priest.
* * * LOW HITPOINT WARNING * * *
The orc priest shoots a sling bullet.
The sling bullet misses you.
The searing ray hits the orc priest.
You kill the orc priest!
Cheibriados appreciates the change of pace.
* * * LOW HITPOINT WARNING * * *
You finish channelling your searing ray.
You feel your strength returning.
You start resting.
An orc wizard comes into view. It is wielding a +0 dagger.
The orc wizard casts a spell at you. The magic dart hits you!
* * * LOW HITPOINT WARNING * * *
There is a stone staircase leading up here.
You fly upwards.
There is a stone staircase leading down here.
You start resting.
An orc priest is nearby!
The orc priest mumbles some strange prayers to Beogh against you.
Beogh smites you!
You die...

#...# #......###.).
#...##########........#.o.
#)..##............[.#..D{.
#÷.)##..............###...
#<..............o...# #..#
#...##......>.......# ####
#...##.........[....#
######..............#
#...@..........#
###........###.### #
#..........# #.#
#.##.#...###### #.#
.###.#......########.###
.......#.#..##.........#
............##.........#
#......#...#............###
#....#.......#............#


You could see an orc priest.

Vanquished Creatures
  Eustachio (D:4)
  A steam dragon (D:7)
  2 water moccasins
  An ogre (D:5)
  A centaur (D:7)
  4 phantoms (D:5)
  A scorpion (D:4)
  A howler monkey (D:4)
  2 orc priests
  5 hounds
  2 jellies
  An iguana (D:4)
  2 orc wizards (D:6)
  Robin (D:3)
  6 adders
  2 white imps
  4 dart slugs
  6 orcs
  5 bats
  9 endoplasms
  4 giant cockroaches
  21 goblins
  10 hobgoblins
  9 jackals
  3 quokkas
  7 ball pythons
  4 kobolds
  6 rats
121 creatures vanquished.

Vanquished Creatures (collateral kills)
  A worm (D:2)
1 creature vanquished.

Vanquished Creatures (others)
  An orc wizard (D:6)
  2 orcs (D:6)
  A plant (D:6)
4 creatures vanquished.

Grand Total: 126 creatures vanquished

Notes
Turn   | Place    | Note
-------+----------+-------------------------------------------
     0 | D:1      | KennySheep the Djinni Hedge Wizard began the quest for the
                  | Orb.
     0 | D:1      | KennySheep set off with the following spells memorised:
                  | Magic Dart, Slow, Blink, Call Imp, Cigotuvi's Dreadful Rot,
                  | Mephitic Cloud.
     0 | D:1      | Reached XP level 1. HP: 15/15 MP: 0/0
   730 | D:1      | Reached XP level 2. HP: 20/22 MP: 0/0
   736 | D:1      | Found a faded altar of an unknown god.
  1279 | D:1      | Reached XP level 3. HP: 18/26 MP: 0/0
  1279 | D:1      | Learned a level 1 spell: Apportation
  1284 | D:1      | Reached skill level 1 in Fighting
  2096 | D:2      | Reached XP level 4. HP: 9/32 MP: 0/0
  2325 | D:2      | Found Omnines's Armour Shoppe.
  3713 | D:3      | Reached XP level 5. HP: 35/38 MP: 0/0
  3713 | D:3      | Learned a level 2 spell: Wereblood
  3782 | D:3      | Noticed Robin
  3792 | D:3      | Killed Robin
  4415 | D:4      | Reached XP level 6. HP: 37/43 MP: 0/0
  4539 | D:4      | Identified the +3 mace of Ciaf {distort, Str+5 Int+2 Dex+3}
  4539 | D:4      | Noticed Eustachio
  4562 | D:4      | Killed Eustachio
  4795 | D:4      | Reached XP level 7. HP: 15/49 MP: 0/0
  4795 | D:4      | Learned a level 2 spell: Searing Ray
  5709 | D:5      | Entered Level 5 of the Dungeon
  6403 | D:5      | Reached skill level 1 in Short Blades
  6410 | D:5      | Reached XP level 8. HP: 43/56 MP: 0/0
  6596 | D:5      | Reached skill level 5 in Spellcasting
  6801 | D:5      | Found Moimos's Jewellery Shoppe.
  7477 | D:6      | Found a staircase to the Ecumenical Temple.
  7487 | Temple   | Entered the Ecumenical Temple
  7494 | Temple   | Became a worshipper of Cheibriados the Contemplative
  7529 | D:6      | Reached skill level 5 in Dodging
  8239 | D:6      | Reached skill level 1 in Invocations
  8649 | D:7      | Reached XP level 9. HP: 26/62 MP: 0/0
  8649 | D:7      | Learned a level 3 spell: Kindle Blastsparks
  8704 | D:6      | Killed from afar by an orc priest

Illustrated notes

Levels and vault maps discovered:
D:1:      dpeg_arrival_orchard, layout_loops_corners,
          chequers_ecumenical_altar_simple_redux
D:2:      layout_loops_ring, serial_shops, shop
D:3:      kennysheep_goblin_castle, layout_loops_cross
D:4:      layout_basic, uniq_eustachio
D:5:      layout_basic, serial_shops, nicolae_shop_behind_doors,
          kennysheep_small_circle
D:6:      wad_lake_hut, layout_basic, minmay_temple_entry_sparse_star
D:7:      layout_basic, mainiacjoe_overflow_cross_hatched, uniq_prince_ribbit1
Temple:   sentei_temple_godly_chess

Skill      XL: |  1  2  3  4  5  6  7  8 |
---------------+-------------------------+-----
Fighting       | 1 2 3 4 |  4.3
Spellcasting   | 3 4 5 |  5.6
Dodging        | 3 4 5 |  5.4
Stealth        | 2 3 |  3.9
Short Blades   | 1 2 |  2.8
Invocations    | 1 |  1.8

Action                   |  1- 3 |  4- 6 |  7- 9 || total
-------------------------+-------+-------+-------++-------
Melee: Dagger            |     5 |    45 |    60 ||   110
       Punch             |       |       |     1 ||     1
 Cast: Magic Dart        |    74 |    86 |    12 ||   172
       Call Imp          |     1 |       |     1 ||     2
       Mephitic Cloud    |       |     6 |     7 ||    13
       Blink             |       |     1 |       ||     1
       Slow              |       |     1 |       ||     1
       Searing Ray       |       |       |    18 ||    18
Evoke: Wand              |       |     3 |       ||     3
  Use: Scroll            |       |     5 |     2 ||     7
       Potion            |       |       |     5 ||     5
 Stab: Confused          |       |       |     7 ||     7
       Sleeping          |       |       |     1 ||     1
Armor: Robe              |     4 |    17 |    16 ||    37
Dodge: Dodged            |    16 |    62 |    64 ||   142

Table legend: (Time is in decaauts)
 A = Elapsed time spent in this place.
 B = Non-inter-level travel time spent in this place.
 C = Inter-level travel time spent in this place.
 D = Time resting spent in this place.
 E = Time spent auto-exploring this place.
 F = Levels seen in this place.
 G = Mean time per level.
                   A        B        C        D        E       F      G
               +--------+--------+--------+--------+--------+-----+--------+
         Total |   8800 |   8672 |    128 |   3320 |   4512 |   8 | 1100.0 |
       Dungeon |   8786 |   8663 |    123 |   3320 |   4510 |   7 | 1255.1 |
        Temple |     13 |      8 |      5 |      0 |      2 |   1 |   13.0 |
               +--------+--------+--------+--------+--------+-----+--------+

Top non-repeatable levels by time:
     D:1: 1857 daAuts
     D:5: 1707 daAuts
     D:3: 1404 daAuts
     D:4: 1302 daAuts
     D:2: 1142 daAuts
     D:6: 917 daAuts
     D:7: 454 daAuts
  Temple: 13 daAuts
